 Dungeon Crawl Stone Soup version 0.31-a0-851-g7ff8af7976 (webtiles) character file.

Game seed: 2940042281154680858

301 CowFu the Skirmisher (level 6, -3/35 HPs)
             Began as a Kobold Hunter on Oct 6, 2023.
             Was an Initiate of Gozag.
             Killed by divine providence
             ... invoked by an orc priest
              (14 damage)
             ... on level 4 of the Dungeon.
             The game lasted 00:01:54 (2985 turns).

CowFu the Skirmisher (Kobold Hunter)                Turns: 2985, Time: 00:01:55

Health: -3/35      AC:  3    Str:  8    XL:     6   Next: 64%
Magic:  6/6        EV: 14    Int: 17    God:    Gozag
Gold:   293        SH:  0    Dex: 20    Spells: 5/5 levels left

rFire   . . .        a - +0 shortbow
rCold   . . .        (shield currently unavailable)
rNeg    . . .        c - +0 leather armour
rPois   .            (no helmet)
rElec   .            (no cloak)
rCorr   .            (no gloves)
SInv    .            (no boots)
Will    .....        e - amulet of magic regeneration
Stlth   +++          n - +6 ring of intelligence
HPRegen 0.25/turn    (no ring)
MPRegen 0.50/turn

%: no passive effects
@: no status effects
A: small, no large weapons, nightstalker 3
a: Renounce Religion, Potion Petition, Call Merchant, Bribe Branch


You were on level 4 of the Dungeon.
You worshipped Gozag.
Gozag was aware of your devotion.
You visited 1 branch of the dungeon, and saw 4 of its levels.

You collected 293 gold pieces.

Inventory:

Hand Weapons
 a - a +0 shortbow (weapon)
Armour
 c - a +0 leather armour (worn)
Jewellery
 e - an amulet of magic regeneration (around neck)
 n - a +6 ring of intelligence (left hand)
Scrolls
 b - a scroll of butterflies
 d - 10 scrolls of identify {unknown}
 g - 3 scrolls of teleportation {unknown}
 h - a scroll of fog {unknown}
 i - a scroll of acquirement {unknown}
 l - 2 scrolls of enchant armour {unknown}
 m - a scroll of brand weapon {unknown}
 o - a scroll of vulnerability {unknown}
Potions
 f - a potion of curing {unknown}
 j - a potion of magic {unknown}
 k - 2 potions of heal wounds {unknown}
 p - a potion of berserk rage {unknown}


   Skills:
 - Level 2.1 Fighting
 + Level 9.8 Ranged Weapons
 - Level 2.4 Dodging
 - Level 1.3 Stealth


You had 5 spell levels left.
You didn't know any spells.
Your spell library was empty.

Dungeon Overview and Level Annotations

Branches:
Dungeon (4/15)             Temple (0/1) D:4

Altars:
Cheibriados
Elyvilon
Gozag


Innate Abilities, Weirdness & Mutations

You are small and have problems with some larger weapons.
You are completely attuned to the shadows.


Message History

The arrow closely misses the orc priest.
The orc wizard gestures wildly while chanting.
The orc wizard flickers and vanishes!
Deactivating autopickup; reactivate with Ctrl-A.
The hobgoblin hits you. The orc priest barely misses you.
You shoot an arrow. The arrow barely misses the orc priest.
The hobgoblin is distracted by your dazzling golden aura.
You shoot an arrow. The hobgoblin shouts!
The arrow hits the orc priest.
The orc priest is almost dead.
The orc priest closely misses you.
The orc wizard hits you with a +0 dagger.
You shoot an arrow.
The arrow hits the orc priest but does no damage.
The orc priest is almost dead.
Something hits you. The orc wizard barely misses you.
The orc priest hits you with a +0 club.
You shoot an arrow.
The arrow hits the orc priest but does no damage.
The orc priest is almost dead.
Something barely misses you.
A black bear comes into view.
The orc priest invokes the aid of Beogh against you.
Beogh smites you! The orc wizard casts a spell at you.
The puff of flame hits you!
* * * LOW HITPOINT WARNING * * *
You are too injured to fight recklessly!
You are too injured to fight recklessly!
The orc priest looks braver for a moment.
The orc wizard hits you but does no damage.
There is an open door here.
The hobgoblin is no longer distracted by gold.
You hear some strange, mumbled words.
Something tries to affect you, but you resist.
The orc priest calls down the wrath of Beogh upon you.
Beogh smites you!
You die...
Your body crumbles into a pile of gold.

##...# ##....####
......... ..........
§§§§§≈≈≈§§#....$h...
##...#####
§≈§§§§≈≈§≈##...o...#
##..# §≈#####≈≈≈#
#..g..# ###.#
≈≈#...########o.o#
#...#
§≈#.>.......###'##
#.###
≈≈#...#####...#@# #.#
≈§#####≈≈≈###.#.# #.#
≈≈≈≈≈§≈§§§# #.#.##
#.#
≈≈≈≈§≈≈≈≈≈###....##
#.# #.#.....######.#
###
######.#............#
#.#
#..........##########
#.#####.####.##.##
#.......# #....#


You could see an orc priest, an orc wizard, an orc and a hobgoblin.

Vanquished Creatures
  Blork the orc (D:4)
  A hound (D:4)
  A jelly (D:4)
  Jessica (D:3)
  2 orc wizards
  2 adders
  A worm (D:3)
  7 orcs
  3 bats
  6 endoplasms
  3 giant cockroaches
  5 goblins
  3 hobgoblins (D:1)
  3 jackals (D:2)
  3 quokkas
  5 ball pythons
  9 frilled lizards
  11 kobolds
  6 rats
73 creatures vanquished.

Notes
Turn   | Place    | Note
-------+----------+-------------------------------------------
     0 | D:1      | CowFu the Kobold Hunter began the quest for the Orb.
     0 | D:1      | Reached XP level 1. HP: 12/12 MP: 1/1
    48 | D:1      | Reached XP level 2. HP: 17/17 MP: 2/2
    82 | D:1      | Reached skill level 6 in Ranged Weapons
   265 | D:1      | Reached XP level 3. HP: 21/21 MP: 3/3
   667 | D:2      | Reached skill level 7 in Ranged Weapons
   856 | D:2      | Reached XP level 4. HP: 26/26 MP: 4/4
  1116 | D:2      | Found a white marble altar of Elyvilon.
  1508 | D:3      | Found a faded altar of an unknown god.
  1508 | D:3      | Noticed Jessica
  1513 | D:3      | Killed Jessica
  1520 | D:3      | Prayed at the altar of an unknown god.
  1520 | D:3      | Became a worshipper of Gozag Ym Sagoz the Greedy
  1917 | D:3      | Reached skill level 8 in Ranged Weapons
  1917 | D:3      | Reached XP level 5. HP: 23/30 MP: 5/5
  2235 | D:3      | Found a snail-covered altar of Cheibriados.
  2561 | D:4      | Noticed Blork the orc
  2566 | D:4      | Killed Blork the orc
  2567 | D:4      | Reached skill level 9 in Ranged Weapons
  2567 | D:4      | Reached XP level 6. HP: 29/35 MP: 6/6
  2921 | D:4      | Found a staircase to the Ecumenical Temple.
  2983 | D:4      | Noticed a black bear
  2985 | D:4      | Killed from afar by an orc priest

Illustrated notes

Levels and vault maps discovered:
D:1:      mrwooster_arrival_statue_2, layout_rooms, kennysheep_crisscross
D:2:      layout_rooms, basic_altar, kennysheep_cluttered_room,
          nicolae_concentric_dashed_squares_wild, minmay_strange_pillars,
          roderic_serpentine_path
D:3:      layout_basic, cheibrodos_worm_habitat, basic_ecumenical_altar,
          uniq_jessica
D:4:      layout_loops_corners, nicolae_elyvilon_peaceful_grove,
          minmay_temple_entry_poolview, uniq_blork_the_orc

Skill      XL: |  1  2  3  4  5 |
---------------+----------------+-----
Ranged Weapons | 6 7 8 9 |  9.8
Fighting       | |  2.1
Dodging        | |  2.4
Stealth        | |  1.3

Action                     |  1- 3 |  4- 6 || total
---------------------------+-------+-------++-------
  Melee: Unarmed           |       |     1 ||     1
   Fire: Shortbow          |    68 |   119 ||   187
 Armour: Leather armour    |     4 |    25 ||    29
  Dodge: Dodged            |    15 |    41 ||    56

Table legend: (Time is in decaauts)
 A = Elapsed time spent in this place.
 B = Non-inter-level travel time spent in this place.
 C = Inter-level travel time spent in this place.
 D = Time resting spent in this place.
 E = Time spent auto-exploring this place.
 F = Levels seen in this place.
 G = Mean time per level.
                   A        B        C        D        E       F      G
               +--------+--------+--------+--------+--------+-----+--------+
         Total |   3010 |   2964 |     46 |      0 |   2597 |   4 |  752.5 |
       Dungeon |   3010 |   2964 |     46 |      0 |   2597 |   4 |  752.5 |
               +--------+--------+--------+--------+--------+-----+--------+

Top non-repeatable levels by time:
     D:3: 1120 daAuts
     D:2: 822 daAuts
     D:1: 580 daAuts
     D:4: 487 daAuts
